 Dungeon Crawl Stone Soup version 0.16-a0-3303-g3c4fcab (webtiles) character file.

3009 RobertPalmer the Gouger (level 9, -1/41 HPs)
             Began as a Felid Monk on Dec 25, 2014.
             Was an Elder of Cheibriados.
             Slain by a tengu warrior
             ... wielding a +0 great sword
              (21 damage)
             ... on level 9 of the Dungeon.
             The game lasted 00:24:56 (11278 turns).

RobertPalmer the Gouger (Felid Monk)               Turns: 11278, Time: 00:24:56

Health: -1/41      AC: 11    Str: 17    XL:     9   Next: 54%
Magic:  23/24      EV: 28    Int: 24    God:    Cheibriados [****..]
Gold:   380        SH:  2    Dex: 29    Spells: 2 memorised, 3 levels left
                                        Lives:  0   Deaths: 2

rFire  . . .     SeeInvis +       - Unarmed
rCold  . . .     Clarity  .     (armour unavailable)
rNeg   . . .     SustAb   .     (shield unavailable)
rPois  .         Gourm    .     (helmet unavailable)
rElec  .         Spirit   .     (cloak unavailable)
rCorr  .         Warding  .     (gloves unavailable)
rMut   +         Stasis   .     (boots unavailable)
MR     +....                    B - amulet of resist mutation
Stlth  ++++......               A - ring of wizardry
                                j - ring of magical power

@: icy armour, very slow, somewhat resistant to hostile enchantments, stealthy
A: paw claws, no armour, no weapons or thrown items, fangs 3, large bone plates
1, slimy green scales 1, see invisible, carnivore 3, speed 1, shaggy fur 2, slow
metabolism 1
a: Bend Time, Temporal Distortion, Slouch, Renounce Religion


You were on level 9 of the Dungeon.
You worshipped Cheibriados.
Cheibriados was greatly pleased with you.
You were very full.

You visited 2 branches of the dungeon, and saw 10 of its levels.

You collected 380 gold pieces.


Innate Abilities, Weirdness & Mutations

You cannot wear armour.
You are incapable of wielding weapons or throwing items.
Your paws have sharp claws.
You have razor-sharp teeth.
You have supernaturally acute eyesight.
You are carnivorous and can eat meat at any time.
You cover ground quickly.
You are covered in thick fur (AC +2).
You have a slow metabolism.
You are partially covered in large bone plates (AC +2, SH +2).
You are partially covered in slimy green scales (AC +2).


   Skills:
 + Level 6.1 Fighting
 - Level 7.7 Dodging
 - Level 2.6 Stealth
 - Level 13.4 Unarmed Combat
 - Level 2.8 Charms


You had 3 spell levels left.
You knew the following spells:

 Your Spells              Type           Power        Failure   Level  Hunger
a - Ozocubu's Armour      Chrm/Ice       #.......     12%         3    ####...
z - Throw Frost           Conj/Ice       #.....       9%          2    ###....

Inventory:

Jewellery
 c - a cursed ring of fire
 j - a ring of magical power (left paw)
 q - a cursed amulet of rage
 A - a ring of wizardry (right paw)
 B - an amulet of resist mutation (around neck)
Magical devices
 g - a wand of digging (0)
 x - a wand of fireball (0)
Scrolls
 a - 2 scrolls of remove curse
 d - 3 scrolls of fear {unknown}
 h - 2 scrolls of immolation {unknown}
 i - a scroll of teleportation
 m - a scroll of enchant weapon {unknown}
 n - 2 scrolls of magic mapping
 s - a scroll of fog {unknown}
 v - 3 scrolls of identify
 w - 2 scrolls of summoning {unknown}
 y - 2 scrolls of amnesia {unknown}
 C - a scroll of acquirement {unknown}
Potions
 e - a potion of might
 l - 2 potions of restore abilities {unknown}
 o - a potion of invisibility
 r - 2 potions of curing
 t - a potion of agility
 u - a potion of poison {unknown}
 z - a potion of magic
Books
 p - a book of Frost
Comestibles
 b - 6 meat rations
 f - 4 slices of pizza
 k - 5 beef jerkies
 D - 3 chunks of flesh {@w1}

Dungeon Overview and Level Annotations

Branches:
Dungeon (9/15)             Temple (1/1) D:7
   Lair: D:8-11         Orc: D:9-12

Altars:
Ashenzari
Cheibriados
Dithmenos
Elyvilon
Fedhas
Gozag
Makhleb
Nemelex Xobeh
Okawaru
Ru
Sif Muna
Trog
Vehumet
Xom
Yredelemnul
Zin
The Shining One

Shops:
D:4 ?   D:8 %

Annotations:
D:7 WereVolvo's ghost, experienced HOFi

....# #..#.... ⌠).. ####....
#..# ... #..#.... ..a #...
#.....## .###Q.
#.....###.....# ......
#.......#..# .....####
#.......#### ##..#.£#
#..###..#.£# #...Qh.#....
#......# #..#..###..#
#..#..## ####.......#
####.... .h#
#..#.......#.£#..#.... ....
#..)..###.....#.......
.....###.....#.)...###....##
..........#..# #........##
..........#######.......###
.....#....#..#..#...†.....##


You could see a tengu warrior (bleeding).


Message History

The tengu warrior hits you but does no damage.
The tengu warrior pecks you but does no damage.
The tengu warrior claws you but does no damage.
You closely miss the tengu warrior.
The tengu warrior is moderately wounded.
The tengu warrior barely misses you. The tengu warrior misses you.
The tengu warrior completely misses you.
You closely miss the tengu warrior.
The tengu warrior is moderately wounded.
You scratch the tengu warrior but do no damage.
The tengu warrior is moderately wounded.
The tengu warrior hits you with a great sword.
The tengu warrior misses you. x2
You claw the tengu warrior!
The tengu warrior is heavily wounded.
You scratch the tengu warrior but do no damage.
You claw the tengu warrior.
You bite the tengu warrior, but do no damage.
The tengu warrior is heavily wounded.
The tengu warrior hits you but does no damage.
The tengu warrior pecks you but does no damage.
The tengu warrior claws you.
* * * LOW HITPOINT WARNING * * *
You completely miss the tengu warrior. You bite the tengu warrior.
The tengu warrior is heavily wounded.
You closely miss the tengu warrior.
The tengu warrior is heavily wounded.
The tengu warrior hits you with a great sword!!
Ouch! That really hurt!
You die...

Action                   |  1- 3 |  4- 6 |  7- 9 || total
-------------------------+-------+-------+-------++-------
Melee: Unarmed           |    93 |   168 |   705 ||   966
 Cast: Throw Frost       |       |       |    11 ||    11
       Ozocubu's Armour  |       |       |     9 ||     9
 Abil: Evoke Berserk Rag |       |     4 |     6 ||    10
Evoke: Wand              |       |       |     2 ||     2
  Use: Potion            |       |     1 |     6 ||     7
       Scroll            |       |     1 |     8 ||     9
 Stab: Sleeping          |     9 |     9 |    16 ||    34
       Distracted        |     2 |     1 |     3 ||     6
  Eat: Chunk             |     8 |     8 |    19 ||    35

Vault maps used:
D:1:      tarquinn_simple_flora_water_e, hangedman_feature_mirror
D:4:      ashenzari_altar_1, serial_shops, shop, kennysheep_potato
D:5:      lemuel_ratsnest, first_bread, serial_shops, shop, serial_park_tiny_2,
          uniq_crazy_yiuf_cottage
D:6:      grunt_temple_overflow_diamond, dk_rats_in_the_wall
D:7:      minmay_temple_entry_poolview, lemuel_statue_altar, uniq_menkaure,
          uniq_eustachio
D:8:      zin_academy, serial_shops, nicolae_shop_competitors_out_of_business,
          uniq_blork_the_orc, uniq_duvessa
D:9:      hangedman_cross_cluster, david_orc_3, grunt_pizzeria, uniq_maurice,
          uniq_grum
Temple:   minmay_temple_curvy_14

Notes
Turn   | Place    | Note
--------------------------------------------------------------
     0 | D:1      | RobertPalmer, the Felid Monk, began the quest for the Orb.
     0 | D:1      | Reached XP level 1. HP: 10/10 MP: 2/2
   103 | D:1      | Reached XP level 2. HP: 12/14 MP: 3/3
   589 | D:1      | Reached skill level 5 in Unarmed Combat
   589 | D:1      | Reached XP level 3. HP: 17/17 MP: 5/5
  1228 | D:2      | Reached XP level 4. HP: 19/21 MP: 7/7
  1922 | D:3      | Reached skill level 6 in Unarmed Combat
  2254 | D:3      | Reached XP level 5. HP: 6/24 MP: 8/8
  2864 | D:4      | Reached skill level 7 in Unarmed Combat
  2954 | D:4      | Found a shattered altar of Ashenzari.
  3064 | D:4      | Learned a level 3 spell: Ozocubu's Armour
  3143 | D:4      | Gained mutation: You are covered in thick fur (AC +2). [growing up]
  3143 | D:4      | Reached XP level 6. HP: 14/28 MP: 10/10
  3603 | D:4      | Found Hoose's Magic Scroll Shop.
  3884 | D:5      | Entered Level 5 of the Dungeon
  3985 | D:5      | Reached skill level 5 in Dodging
  4112 | D:5      | Noticed Crazy Yiuf
  4121 | D:5      | Killed Crazy Yiuf
  4217 | D:5      | Reached skill level 6 in Dodging
  4640 | D:5      | Reached XP level 7. HP: 20/31 MP: 12/12
  4684 | D:5      | Reached skill level 7 in Dodging
  4888 | D:5      | Found Caich's Jewellery Boutique.
  5106 | D:5      | Reached skill level 1 in Charms
  5260 | D:6      | Reached skill level 2 in Charms
  5934 | D:6      | Reached skill level 4 in Fighting
  6081 | D:6      | Reached XP level 8. HP: 21/36 MP: 13/13
  6208 | D:6      | Reached skill level 8 in Unarmed Combat
  6257 | D:6      | Reached skill level 9 in Unarmed Combat
  6711 | D:6      | Reached skill level 10 in Unarmed Combat
  7053 | D:6      | Reached XP level 9. HP: 31/39 MP: 15/15
  7058 | D:6      | Found an iron altar of Okawaru.
  7061 | D:6      | Found a basalt altar of Yredelemnul.
  7064 | D:6      | Found an opulent altar of Gozag.
  7933 | D:7      | Noticed Eustachio
  7985 | D:7      | Reached skill level 11 in Unarmed Combat
  7997 | D:7      | Killed Eustachio
  8124 | D:7      | Found a burning altar of Makhleb.
  8253 | D:7      | Found a staircase to the Ecumenical Temple.
  8253 | D:7      | Killed from afar by an orc priest
  8254 | D:7      | Reached XP level 8. HP: -8/36 MP: 13/13
  8377 | D:7      | Noticed WereVolvo's ghost (experienced HOFi)
  8624 | D:7      | Noticed Menkaure
  8635 | D:7      | Killed Menkaure
  8700 | Temple   | Entered the Ecumenical Temple
  8920 | Temple   | Became a worshipper of Cheibriados the Contemplative
  9006 | D:7      | Reached skill level 12 in Unarmed Combat
  9405 | D:8      | Noticed Dowan
  9407 | D:8      | Noticed Duvessa
  9414 | D:8      | Killed from afar by Dowan
  9415 | D:8      | Reached XP level 7. HP: -2/32 MP: 9/12
  9632 | D:8      | Reached XP level 8. HP: 36/36 MP: 13/13
  9731 | D:8      | Learned a level 2 spell: Throw Frost
  9738 | D:8      | Gained mutation: You are partially covered in large bone plates (AC +2, SH +2). [potion of beneficial mutation]
  9739 | D:8      | Gained mutation: You are partially covered in slimy green scales (AC +2). [potion of beneficial mutation]
  9917 | D:8      | Noticed Blork the orc
  9937 | D:8      | Killed Blork the orc
  9994 | D:8      | Acquired Cheibriados' first power
 10072 | D:7      | Reached skill level 13 in Unarmed Combat
 10149 | D:8      | Killed Duvessa
 10162 | D:8      | Killed Dowan
 10323 | D:8      | Noticed a troll
 10336 | D:8      | Killed a troll
 10336 | D:8      | Reached XP level 9. HP: 35/39 MP: 5/15
 10520 | D:8      | Found a glowing silver altar of Zin.
 10585 | D:8      | Found Struuh's Food Shop.
 10959 | D:8      | Acquired Cheibriados' second power
 10959 | D:8      | Reached skill level 5 in Fighting
 11245 | D:9      | Reached skill level 6 in Fighting
 11261 | D:9      | Noticed a tengu warrior
 11278 | D:9      | Slain by a tengu warrior

Vanquished Creatures
  A troll (D:8)
  Eustachio (D:7)
  A steam dragon (D:9)
  A hippogriff (D:8)
  Menkaure (D:7)
  4 orc warriors
  2 sky beasts
  3 ogres
  A yellow wasp (D:9)
  2 ice beasts
  2 phantoms
  4 centaurs
  Duvessa (D:8)
  A big kobold (D:8)
  Blork the orc (D:8)
  4 giant frogs
  A wyvern skeleton (D:6)
  5 wights (D:6)
  Dowan (D:8)
  6 crimson imps
  A goliath beetle (D:6)
  12 orc priests
  3 hounds
  2 jellies
  Crazy Yiuf (D:5)
  2 giant frog skeletons
  2 iguanas
  A hell rat (D:5)
  17 orc wizards
  7 worker ants
  A hound skeleton (D:8)
  3 mummies
  11 adders
  3 gnolls (D:5)
  11 river rats
  4 shadow imps
  3 worms
  2 giant mites
  6 giant geckos
  46 orcs
  A ball python (D:6)
  18 bats
  2 bat skeletons (D:6)
  A bat zombie (D:8)
  13 hobgoblins
  9 jackals
  20 kobolds
  6 giant cockroaches
  A giant gecko skeleton (D:5)
  7 giant newts
  8 goblins
  4 quokkas
  51 rats
  24 ballistomycetes (D:6)
346 creatures vanquished.

Vanquished Creatures (others)
  2 giant spores (D:6)
  A ballistomycete (D:6)
3 creatures vanquished.

Grand Total: 349 creatures vanquished
